 Dungeon Crawl Stone Soup version 0.21.1-1-g345015f (webtiles) character file.

131369 shakethe the Severer (level 16, 0/131 HPs)
             Began as a Demonspawn Gladiator on Feb 18, 2018.
             Was the Champion of Okawaru.
             Slain by a shadow (13 damage)
             ... on level 4 of the Swamp.
             The game lasted 02:15:03 (36081 turns).

shakethe the Severer (Demonspawn Gladiator)        Turns: 36081, Time: 02:15:04

Health: 0/131      AC: 26    Str: 15    XL:     16   Next: 55%
Magic:  0/25       EV: 19    Int: 14    God:    Okawaru [******]
Gold:   2531       SH:  0    Dex: 19    Spells: 15/15 levels left

rFire    . . .     SeeInvis .   b - +5 hand axe (flame)
rCold    . . .     Gourm    .   (no shield)
rNeg     . . .     Faith    +   y - +0 swamp dragon scales {rPois}
rPois    +         Spirit   +   x - +2 hat {MR+}
rElec    .         Reflect  .   N - +2 cloak {MR+}
rCorr    .         Harm     .   w - +3 pair of gauntlets of War {Slay+5}
MR       +++..                  S - +2 pair of boots {run}
Stlth    +.........             X - amulet of faith {!P}
HPRegen  0.31/turn              P - ring of poison resistance
MPRegen  0.38/turn              O - +2 ring of dexterity

@: lethally poisoned (0 -> 0), quick
A: talons 2, yellow scales 2, demonic guardian 1, magic shield, magic
regeneration
a: Heroism, Finesse, Renounce Religion


You were on level 4 of the Swamp.
You worshipped Okawaru.
Okawaru was exalted by your worship.
You were hungry.

You visited 4 branches of the dungeon, and saw 27 of its levels.
You also visited: Ice Cave.

You collected 2531 gold pieces.

Inventory:

Hand Weapons
 a - the +8 executioner's axe of Invincibility {antimagic, Int+4}
   (Okawaru gifted it to you on level 3 of the Lair of Beasts)

   It reduces the magical energy of the wielder, and disrupts the spells and
   magical abilities of those hit.
   Natural abilities and divine invocations are not affected.
   It affects your intelligence (+4).
 b - a +5 hand axe of flaming (weapon)
 M - a +3 battleaxe of venom
Missiles
 d - 5 throwing nets {=f}
Armour
 w - the +3 pair of gauntlets of War (worn) {Slay+5}
   (Okawaru gifted it to you on level 1 of the Lair of Beasts)

   It affects your accuracy and damage with ranged weapons and melee attacks
   (+5).
 x - a +2 hat of magic resistance (worn)
 y - +0 swamp dragon scales (worn) {rPois}
 N - a +2 cloak of magic resistance (worn)
 S - a +2 pair of boots of running (worn)
Jewellery
 O - a +2 ring of dexterity (right hand)
 P - a ring of poison resistance (left hand)
 R - an uncursed ring of resist corrosion
 T - an uncursed ring of fire
 X - an amulet of faith (around neck) {!P}
Wands
 A - a wand of polymorph (32)
 C - a wand of iceblast (50)
 F - a wand of flame (52)
 G - a wand of scattershot (13)
 H - a wand of disintegration (20)
Scrolls
 i - 4 scrolls of identify
 k - a scroll of immolation {!r}
 l - a scroll of blinking
 p - a scroll of summoning {!r}
 u - 5 scrolls of enchant armour
 v - 6 scrolls of teleportation {@r4}
 B - 10 scrolls of remove curse {@r2}
 D - 7 scrolls of magic mapping
 J - a scroll of fog
 Q - 3 scrolls of amnesia
 V - a scroll of enchant weapon
 Y - a scroll of silence {!r}
 Z - 2 scrolls of brand weapon
Potions
 c - 4 potions of curing
 f - 2 potions of haste
 g - 4 potions of lignification {!q}
 h - 7 potions of flight
 j - a potion of resistance
 n - 3 potions of berserk rage {!q}
 o - 3 potions of agility
 r - 4 potions of magic
 s - a potion of heal wounds {unknown}
 t - 4 potions of mutation {!q}
 z - 3 potions of brilliance
 E - a potion of ambrosia
 I - 2 potions of cancellation {unknown}
 K - a potion of might
Books
 L - a book of the Warp

   Spells                             Type                      Level
   a - Gell's Gravitas                Translocation                3
   b - Portal Projectile              Hexes/Translocation          3
   c - Force Lance                    Conjuration/Translocation    4
   d - Dispersal                      Translocation                6
   e - Controlled Blink               Translocation                8
   f - Disjunction                    Translocation                8
Miscellaneous
 e - a lamp of fire
 U - a fan of gales
Comestibles
 m - 31 rations {@e1}


   Skills:
 + Level 13.6 Fighting
 * Level 17.2 Axes
 - Level 1.7 Throwing
 - Level 10.4 Armour
 - Level 10.7 Dodging
 - Level 12.5 Invocations
 - Level 5.0 Evocations


You had 15 spell levels left.
You didn't know any spells.

Dungeon Overview and Level Annotations

Branches:
Dungeon (15/15)            Temple (0/1) D:6            Lair (6/6) D:10
  Swamp (4/4) Lair:3        Snake (0/4) Lair:2        Slime (0/5) Lair:5
    Orc (2/2) D:9             Elf (0/3) Orc:2        Vaults (0/5) D:14
 Depths (0/5) D:15

Altars:
Ashenzari
Fedhas
Gozag
Hepliaklqana
Okawaru
Trog
Uskayaw
Vehumet
Xom
Yredelemnul
Zin
Beogh

Shops:
D:5 (   D:8 [   Orc:1 (   Orc:2 }[[%

Annotations:
Lair:1 exclusion: oklob plant
Lair:5 exclusion: 4 oklob plants


Innate Abilities, Weirdness & Mutations

You have razor-sharp toenails.
You are mostly covered in yellow scales. (AC +3)
A weak demonic guardian rushes to your aid.
When hurt, damage is shared between your health and your magic reserves.
You regenerate magic rapidly.


Message History

The four-headed hydra closely misses you.
The four-headed hydra bites you!
* * * LOW HITPOINT WARNING * * *
The four-headed hydra bites you.
* * * LOW HITPOINT WARNING * * *
The four-headed hydra misses you.
As you read the scroll of fear, it crumbles to dust.
You assume a fearsome visage.
The three-headed hydra looks frightened!
The four-headed hydra looks frightened!
The shadow slips into darkness.
The shadow flickers and vanishes!
Deactivating autopickup; reactivate with Ctrl-A.
You enter the shallow water.
Moving in this stuff is going to be slow.
You feel sick.
A swamp drake comes into view.
You feel sick.
The shadow strikes at you from the darkness!
You die...

♣≈.≈≈≈≈≈≈.♣
♣♣..≈≈≈≈≈≈.♣
♣.≈≈≈≈≈≈≈≈.♣
♣.≈≈≈≈≈≈§.♣ ♣...≈≈≈.♣
♣.≈≈≈.♣ ♣♣♣♣♣♣. ♣.<.≈♣
♣♣..≈♣≈. ♣♣≈.♣♣♣♣.≈≈≈.♣
♣≈.@§♣♣≈.§≈≈.♣♣
♣♣≈......≈§≈.≈♣♣
♣♣..≈≈..≈≈....♣♣
♣.≈≈≈≈≈D≈.....♣
♣♣♣.........≈.♣ ♣♣♣♣
♣♣♣♣♣♣k≈≈≈≈^♣ ♣..♣♣♣♣
♣♣♣♣.§≈≈≈≈≈♣♣♣
♣..♣♣≈♣♣♣≈.♣≈≈§W≈≈≈≈≈♣♣
♣...≈≈...≈≈♣♣♣D}≈≈≈≈≈§≈


You could see a four-headed hydra and a swamp drake.

Vanquished Creatures
  Saint Roka (Orc:1)
  Kirke (Swamp:1)
  Frances (Swamp:1)
  A frost giant (IceCv)
  An orc warlord (Orc:1)
  Aizul (Swamp:1)
  Louise (D:15)
  An ettin (Orc:1)
  A fire dragon (Lair:6)
  4 vault guards
  10 hydras
  Harold (D:10)
  Erica (Lair:1)
  4 alligators (Swamp:1)
  A catoblepas (D:14)
  A centaur warrior (D:13)
  2 ogre magi (Orc:2)
  A queen ant (Lair:3)
  13 two-headed ogres
  A death yak (IceCv)
  2 orc high priests
  Sonja (Lair:4)
  Nergalle (Orc:1)
  3 spriggans
  3 unseen horrors
  8 swamp dragons
  2 deep trolls
  A lindwurm (Lair:6)
  2 orc knights (Orc:1)
  2 shambling mangroves
  A necromancer (D:15)
  13 ugly things
  4 deep elf magi (D:15)
  3 cyclopes
  3 orc sorcerers
  2 manticores
  5 black mambas
  A naga mage (D:15)
  8 elephants
  3 molten gargoyles (Lair:6)
  17 spiny frogs
  2 centaur zombies (D:14)
  A kobold demonologist (D:13)
  A gargoyle (D:14)
  3 centaur skeletons (D:15)
  2 torpor snails
  A rime drake (IceCv)
  7 komodo dragons
  2 ice devils (Lair:3)
  A tengu conjurer (D:13)
  14 trolls
  7 tyrant leeches
  11 polar bears
  4 bog bodies
  6 hornets
  13 blink frogs
  9 slime creatures
  9 hippogriffs
  70 yaks
  A wraith (D:12)
  2 shadows
  A vampire (Swamp:2)
  3 wyverns
  5 basilisks
  4 hogs (Swamp:1)
  A steam dragon (Lair:6)
  24 vampire mosquitoes
  3 wargs (Orc:1)
  Menkaure (D:4)
  A naga (Lair:2)
  17 insubstantial wisps
  An acid dragon (D:13)
  19 swamp worms
  15 soldier ants
  9 water moccasins
  9 porcupines
  5 hell hounds (Lair:6)
  8 swamp drakes
  3 sky beasts
  An eye of draining (D:15)
  4 ice beasts
  4 phantoms
  A black bear (D:11)
  22 orc warriors
  33 wolves
  29 ogres
  8 centaurs
  13 crocodiles
  15 bullfrogs
  2 big kobolds
  10 killer bees
  12 wights
  3 howler monkeys (D:11)
  2 electric eels
  10 crimson imps
  5 lava snakes (Lair:6)
  2 bullfrog zombies
  3 quasits
  Crazy Yiuf (D:7)
  4 hounds
  5 jellies
  A bullfrog skeleton (D:5)
  22 orc wizards
  19 orc priests
  39 worker ants
  5 iguanas
  Natasha (thrice) (D:4)
  A killer bee zombie (D:7)
  A hound skeleton (D:7)
  2 worker ant zombies
  10 gnolls
  9 adders
  An ooze (D:4)
  An adder zombie (D:6)
  3 leopard geckos
  58 orcs
  6 bats
  6 giant cockroaches
  11 goblins
  8 hobgoblins
  10 jackals
  13 kobolds
  3 quokkas
  A ball python (D:4)
  5 frilled lizards
  A quokka skeleton (D:6)
  2 quokka zombies
  7 rats
  3 fungi
  4 plants
872 creatures vanquished.

Vanquished Creatures (collateral kills)
  A two-headed ogre (shapeshifter) (D:13)
  An elephant (Lair:4)
  A komodo dragon (Lair:6)
  The ghost of SaintRoka the Shield-Bearer, an amateur OgFi of Okawaru (D:7)
  A polar bear (Lair:6)
  A troll (Orc:2)
  Prince Ribbit (D:5)
  A hornet (Swamp:2)
  2 slime creatures (D:12)
  A bog body (Swamp:2)
  A hippogriff (Lair:2)
  A spriggan (Swamp:2)
  5 yaks
  2 basilisks
  A swamp drake (Swamp:3)
  An orc warrior (Orc:2)
  A black bear (D:5)
  2 ogres (Orc:2)
  2 wolves
  2 bullfrogs
  A jelly (D:5)
  2 worker ants (Lair:3)
  A hound skeleton (D:5)
  5 orcs
  A giant cockroach (D:5)
39 creatures vanquished.

Vanquished Creatures (others)
  3 humans (Swamp:1)
  An orc (D:10)
  A bush (Lair:4)
  18 fungi
  6 plants
29 creatures vanquished.

Grand Total: 940 creatures vanquished

Notes
Turn   | Place    | Note
-------+----------+-------------------------------------------
     0 | D:1      | shakethe the Demonspawn Gladiator began the quest for the Orb.
     0 | D:1      | Reached XP level 1. HP: 16/16 MP: 1/1
   213 | D:1      | Reached skill level 3 in Axes
   330 | D:1      | Gained mutation: You have sharp toenails. [demonic ancestry]
   330 | D:1      | Reached XP level 2. HP: 18/22 MP: 2/2
   798 | D:2      | Found a blossoming altar of Fedhas.
   863 | D:2      | Reached XP level 3. HP: 25/28 MP: 3/3
   963 | D:2      | Found an iron altar of Okawaru.
   999 | D:2      | Became a worshipper of Warmaster Okawaru
  1080 | D:2      | Reached skill level 4 in Axes
  1080 | D:2      | Gained mutation: When hurt, damage is shared between your health and your magic reserves. [demonic ancestry]
  1080 | D:2      | Reached XP level 4. HP: 29/35 MP: 4/4
  1283 | D:2      | Found a hide-covered altar of Uskayaw.
  1996 | D:3      | Found an opulent altar of Gozag.
  2000 | D:3      | Reached XP level 5. HP: 41/41 MP: 5/5
  2508 | D:4      | Noticed Natasha
  2518 | D:4      | Killed Natasha
  2635 | D:4      | Reached skill level 5 in Axes
  2644 | D:4      | Reached * piety under Okawaru
  2651 | D:4      | Reached XP level 6. HP: 42/48 MP: 4/6
  2847 | D:4      | Noticed Natasha
  2860 | D:4      | Killed Natasha
  2860 | D:4      | Reached skill level 6 in Axes
  3069 | D:4      | Gained mutation: A weak demonic guardian rushes to your aid. [demonic ancestry]
  3069 | D:4      | Reached XP level 7. HP: 54/55 MP: 7/7
  3143 | D:4      | Noticed Menkaure
  3155 | D:4      | Killed Menkaure
  3155 | D:4      | Reached ** piety under Okawaru
  3443 | D:5      | Entered Level 5 of the Dungeon
  3459 | D:5      | Reached skill level 5 in Fighting
  3477 | D:5      | Reached skill level 7 in Axes
  3498 | D:5      | Found Xalaatyno's Weapon Shoppe.
  3849 | D:5      | Found a glowing silver altar of Zin.
  3849 | D:5      | Found a shattered altar of Ashenzari.
  3877 | D:5      | Found a hazy altar of Hepliaklqana.
  3915 | D:5      | Gained mutation: You are partially covered in yellow scales. (AC +2) [demonic ancestry]
  3915 | D:5      | Reached XP level 8. HP: 48/63 MP: 5/8
  4012 | D:5      | Noticed Prince Ribbit
  4036 | D:5      | Killed Prince Ribbit
  4036 | D:5      | Reached *** piety under Okawaru
  4036 | D:5      | Reached skill level 8 in Axes
  4342 | D:6      | Found a staircase to the Ecumenical Temple.
  4461 | D:6      | Reached skill level 9 in Axes
  4518 | D:6      | Reached skill level 1 in Invocations
  4586 | D:6      | Reached skill level 1 in Evocations
  4586 | D:6      | Gained mutation: You have razor-sharp toenails. [demonic ancestry]
  4586 | D:6      | Reached XP level 9. HP: 65/71 MP: 8/10
  4636 | D:6      | Reached **** piety under Okawaru
  5163 | D:7      | Noticed SaintRoka's ghost (amateur OgFi)
  5170 | D:7      | Killed SaintRoka's ghost
  5209 | D:7      | Reached skill level 1 in Armour
  5544 | D:7      | Found a runed door.
  5817 | D:7      | Found a bloodstained altar of Trog.
  5977 | D:7      | Noticed Crazy Yiuf
  5981 | D:7      | Killed Crazy Yiuf
  6158 | D:8      | Found a radiant altar of Vehumet.
  6669 | D:8      | Reached skill level 10 in Axes
  7021 | D:8      | Noticed a two-headed ogre
  7064 | D:8      | Killed a two-headed ogre
  7064 | D:8      | Reached ***** piety under Okawaru
  7064 | D:8      | Reached XP level 10. HP: 80/80 MP: 13/13
  7124 | D:8      | Found Ymeaman's Antique Armour Shop.
  7402 | D:9      | Received a gift from Okawaru
  7746 | D:9      | Identified a potion of resistance
  7907 | D:9      | Found a staircase to the Orcish Mines.
  8119 | D:9      | You fall through a shaft for 2 floors!
  8214 | D:11     | Reached skill level 5 in Invocations
  8268 | D:10     | Entered Level 10 of the Dungeon
  8274 | D:10     | Noticed a two-headed ogre
  8295 | D:10     | Killed a two-headed ogre
  8382 | D:10     | Noticed a two-headed ogre
  8396 | D:10     | Killed a two-headed ogre
  8454 | D:10     | Noticed Harold
  8469 | D:10     | Killed Harold
  8469 | D:10     | Reached skill level 11 in Axes
  8469 | D:10     | Reached skill level 5 in Dodging
  8510 | D:10     | Found a staircase to the Lair.
  8659 | D:10     | Noticed a two-headed ogre
  8687 | D:10     | Killed a two-headed ogre
  8687 | D:10     | Gained mutation: You are mostly covered in yellow scales. (AC +3) [demonic ancestry]
  8687 | D:10     | Reached XP level 11. HP: 59/87 MP: 11/15
  8778 | D:10     | HP: 7/87 [something (3)]
  9675 | D:10     | Received a gift from Okawaru
  9678 | D:10     | Got a twisted broad axe {god gift}
  9679 | D:10     | Identified the +1 broad axe of Zowogoc {freeze, MP+9} (Okawaru gifted it to you on level 10 of the Dungeon)
  9842 | D:10     | Killed an unseen horror
 10771 | D:11     | Noticed a cyan ugly thing
 10782 | D:11     | Killed a cyan ugly thing
 11590 | D:12     | Reached skill level 5 in Armour
 11962 | D:12     | Found a basalt altar of Yredelemnul.
 12409 | D:13     | Noticed a centaur warrior
 12426 | D:13     | Killed a centaur warrior
 12426 | D:13     | Received a gift from Okawaru
 12443 | D:13     | Got a jewelled executioner's axe {god gift}
 12444 | D:13     | Identified the +1 executioner's axe "Fiseb" {freeze, Str+2 Int+5} (Okawaru gifted it to you on level 13 of the Dungeon)
 12466 | D:13     | Noticed a red ugly thing
 12475 | D:13     | Killed a red ugly thing
 12765 | D:13     | Reached skill level 12 in Axes
 12961 | D:13     | Noticed a two-headed ogre
 12961 | D:13     | a polar bear changed into a two-headed ogre
 12962 | D:13     | Killed a two-headed ogre
 12962 | D:13     | Received a gift from Okawaru
 12962 | D:13     | Reached XP level 12. HP: 78/96 MP: 14/18
 13713 | D:14     | Noticed a vault guard
 13713 | D:14     | Noticed a vault guard
 13714 | D:14     | Noticed a vault guard
 13745 | D:14     | Killed a vault guard
 14076 | Lair:1   | Entered Level 1 of the Lair of Beasts
 14700 | Lair:1   | Noticed Erica
 14709 | Lair:1   | Killed Erica
 14709 | Lair:1   | Received a gift from Okawaru
 14710 | Lair:1   | Found the +3 pair of gauntlets of War {Slay+5}
 14726 | Lair:1   | Reached ****** piety under Okawaru
 15407 | Lair:2   | Reached skill level 10 in Fighting
 15466 | Lair:2   | Found a staircase to the Snake Pit.
 15719 | Lair:2   | Reached skill level 13 in Axes
 16313 | Lair:2   | lair:2
 16442 | Lair:3   | Reached skill level 10 in Invocations
 16600 | Lair:3   | Noticed an eight-headed hydra
 16609 | Lair:3   | Killed a four-headed hydra
 16609 | Lair:3   | Received a gift from Okawaru
 16609 | Lair:3   | Reached XP level 13. HP: 102/104 MP: 20/20
 16647 | Lair:3   | Found a frozen archway.
 16682 | IceCv    | Entered an ice cave
 17155 | IceCv    | Noticed a frost giant
 17201 | IceCv    | Killed a frost giant
 17635 | Lair:3   | Received a gift from Okawaru
 17683 | Lair:3   | Got a slimy executioner's axe {god gift}
 17684 | Lair:3   | Identified the +8 executioner's axe of Invincibility {antimagic, Int+4} (Okawaru gifted it to you on level 3 of the Lair of Beasts)
 18172 | Lair:3   | Found a staircase to the Swamp.
 18563 | Lair:4   | Noticed Sonja
 18572 | Lair:4   | Killed Sonja
 18572 | Lair:4   | Reached skill level 14 in Axes
 18951 | Lair:4   | Received a gift from Okawaru
 19787 | Lair:5   | Gained mutation: You regenerate magic rapidly. [demonic ancestry]
 19787 | Lair:5   | Reached XP level 14. HP: 113/113 MP: 7/22
 20076 | Lair:5   | You fall through a shaft!
 20076 | Lair:6   | Entered Level 6 of the Lair of Beasts
 20450 | Lair:5   | Found a staircase to the Slime Pits.
 21500 | Lair:6   | Received a gift from Okawaru
 22120 | Lair:6   | Found a large runed door.
 22208 | Lair:6   | Found a large runed door.
 22653 | Lair:6   | Got an ancient longbow {god gift}
 22654 | Lair:6   | Identified the +5 longbow of Welfare {flame, rPois rF+} (Okawaru gifted it to you on level 6 of the Lair of Beasts)
 23405 | D:4      | Noticed Natasha
 23409 | D:4      | Killed Natasha
 24567 | D:14     | Received a gift from Okawaru
 24609 | D:14     | Reached skill level 15 in Axes
 24656 | D:14     | Found a gate to the Vaults.
 24875 | D:14     | Found a shimmering altar of Xom.
 25238 | D:15     | Entered Level 15 of the Dungeon
 25689 | D:15     | Reached XP level 15. HP: 120/120 MP: 8/24
 26274 | D:15     | Noticed Louise
 26303 | D:15     | Killed Louise
 26769 | D:15     | Found a staircase to the Depths.
 27445 | Orc:1    | Entered Level 1 of the Orcish Mines
 27445 | Orc:1    | Found Vaim's Antique Weapon Boutique.
 27606 | Orc:2    | Entered Level 2 of the Orcish Mines
 27606 | Orc:2    | Found a staircase to the Elven Halls.
 27612 | Orc:2    | Noticed Saint Roka
 27613 | Orc:2    | Received a gift from Okawaru
 28203 | Orc:1    | Killed Saint Roka
 28876 | Orc:2    | Reached skill level 10 in Dodging
 29089 | Orc:2    | Reached skill level 5 in Evocations
 29418 | Orc:1    | HP: 5/122 [ettin/dire flail (28)]
 29456 | Orc:1    | Received a gift from Okawaru
 29937 | Orc:1    | Found a roughly hewn altar of Beogh.
 30522 | Orc:2    | Found Ehecw's Antique Armour Boutique.
 30584 | Orc:2    | Found Myquh's Gadget Shoppe.
 30591 | Orc:2    | Found Xisuqomi's Food Shop.
 30592 | Orc:2    | Found Urumojacev's Armour Shop.
 30661 | Orc:2    | Received a gift from Okawaru
 31052 | Orc:1    | Noticed Nergalle
 31053 | Orc:1    | Noticed an orc warlord
 31063 | Orc:1    | Killed Nergalle
 31063 | Orc:1    | Reached skill level 10 in Armour
 31077 | Orc:1    | Killed an orc warlord
 31526 | Orc:1    | Reached skill level 16 in Axes
 31752 | Swamp:1  | Entered Level 1 of the Swamp
 31782 | Swamp:1  | Noticed Kirke
 31789 | Swamp:1  | Received a gift from Okawaru
 32161 | Swamp:1  | Killed Kirke
 32660 | Swamp:1  | Reached XP level 16. HP: 101/129 MP: 8/25
 32682 | Swamp:1  | Noticed Frances
 32693 | Swamp:1  | Killed Frances
 32972 | Swamp:1  | Noticed Aizul
 32984 | Swamp:1  | Received a gift from Okawaru
 32986 | Swamp:1  | Killed Aizul
 35776 | Swamp:4  | Entered Level 4 of the Swamp
 35809 | Swamp:4  | Reached skill level 17 in Axes
 35822 | Swamp:4  | Received a gift from Okawaru
 35913 | Swamp:4  | Identified a +1 pair of boots of running (Okawaru gifted it to you on level 4 of the Swamp)
 36081 | Swamp:4  | Slain by a shadow

Skill      XL: |  1  2  3  4  5  6  7  8  9 10 11 12 13 14 15 16 |
---------------+-------------------------------------------------+-----
Axes           | 3 4 5 6 7 9 10 11 12 13 14 15 16 17 | 17.2
Fighting       | 3 4 5 6 7 8 9 10 11 12 13 | 13.6
Invocations    | 1 4 6 8 10 11 12 | 12.5
Evocations     | 1 2 3 5 |  5.0
Armour         | 2 4 5 7 8 9 10 | 10.4
Dodging        | 3 5 6 7 8 9 10 | 10.7
Throwing       | |  1.7

Action                   |  1- 3 |  4- 6 |  7- 9 | 10-12 | 13-15 | 16-18 || total
-------------------------+-------+-------+-------+-------+-------+-------++-------
Melee: War axe           |    11 |       |       |       |       |       ||    11
       Short sword       |    63 |    79 |       |       |       |       ||   142
       Kick              |    15 |    29 |   105 |   235 |   362 |    68 ||   814
       Hand axe          |       |    56 |   350 |   457 |   284 |    40 ||  1187
       Punch             |       |       |       |     4 |       |       ||     4
       Broad axe         |       |       |       |   175 |       |       ||   175
       Executioner's axe |       |       |       |    61 |   795 |   243 ||  1099
Throw: Stone             |    24 |    21 |     2 |     2 |    15 |       ||    64
       Throwing net      |     3 |       |       |       |       |       ||     3
Invok: Heroism           |       |       |       |    11 |    10 |     4 ||    25
       Finesse           |       |       |       |     2 |     3 |       ||     5
  Use: Scroll            |     1 |       |       |    25 |    10 |     5 ||    41
       Potion            |       |       |       |       |     7 |     2 ||     9
 Stab: Sleeping          |     2 |       |       |     1 |       |       ||     3
       Distracted        |       |       |     4 |     3 |    14 |     2 ||    23
       Confused          |       |       |       |     2 |     3 |       ||     5
       Invisible         |       |       |       |       |     1 |       ||     1
  Eat: Chunk             |       |    19 |    12 |    21 |    35 |     2 ||    89
       Ration            |       |       |       |     1 |     5 |     2 ||     8
Armor: Leather armour    |    26 |    11 |       |       |       |       ||    37
       Ring mail         |       |    58 |   127 |    15 |       |       ||   200
       Acid dragon scale |       |       |       |   253 |       |       ||   253
       Swamp dragon scal |       |       |       |    49 |   566 |   218 ||   833
Dodge: Dodged            |    60 |    88 |   146 |   456 |  1135 |   402 ||  2287
